Map: Deathaura LE

Players

KingArthur - Winner!

  • Race: Zerg Zerg
  • League: Gold
  • Spawn Location: 11:00

A.I. 1 (Easy)

  • Race: Terran Terran
  • Spawn Location: 5:00

VOD

Have the link to the VOD?

Description

Time

  • Played on: Sept. 11, 2020, 5:22 a.m.
  • Length: 7:57
Show
View Real Time Build Order
Export as new Build Order

KingArthur Zerg - Winner!

Build Orders: Hatch First 

Get SALT Encoding   

  6  0:01  Drone  
  13  0:13  Overlord  
  13  0:22  Drone  
  14  0:32  Drone x2  
  16  0:50  Hatchery  
  16  0:54  Drone  
  16  0:58  Drone  
  16  1:03  Drone  
  18  1:06  Extractor  
  17  1:19  Spawning Pool  
  17  1:20  Drone  
  17  1:25  Drone  
  18  1:29  Drone  
  19  2:06  Queen x2  
  19  2:08  Zergling x6  
  26  2:12  Metabolic Boost  
  26  2:15  Overlord  
  26  2:28  Baneling Nest  
  25  2:30  Zergling x2  
  25  2:31  Zergling x4  
  28  2:39  Zergling x4  
  30  3:04  Zergling x10  
  35  3:18  Zergling x2  
  36  3:21  Overlord  
  36  3:24  Baneling x2  
  36  3:25  Baneling x4  
  31  4:17  Zergling x22  
  31  4:18  Zergling x2  
Show
View Real Time Build Order
Export as new Build Order

A.I. 1 (Easy) Terran 

Build Orders:  

Get SALT Encoding   

  6  0:00  SCV  
  13  0:13  SCV  
  14  0:18  Supply Depot  
  14  0:25  SCV  
  15  0:39  SCV  
  16  0:44  Barracks  
  16  0:45  Refinery  
  16  1:09  Supply Depot  
  16  1:30  Marine  
  16  1:32  Orbital Command  
  17  1:49  Barracks Tech Lab  
  17  1:57  SCV  
  18  2:07  Marine  
  19  2:09  SCV  
  20  2:22  SCV  
  21  2:26  Marauder  
  21  2:27  Supply Depot  
  23  2:34  SCV  
  24  2:46  Marine, SCV  
  26  2:58  SCV  
  27  3:49  Marine  
  25  3:57  SCV  
  21  4:07  Marauder  
  21  4:09  SCV  
  9  4:21  SCV  
  3  4:28  Marine  
Tags
 
League
Gold
Matchup
TvZ
Spawn Locations
Cross Positions
Add a new tag
Caveats
  • Supply blocks, unpowered buildings, or Contaminate may cause inaccurate times.
  • Supply counts are checked every 10 seconds.